 Dungeon Crawl Stone Soup version 0.29-a0-732-g3d7fbe0af2 (webtiles) character file.

Game seed: 5815072407431871559

132787 buhh the Alchemist (level 16, -16/118 HPs)
             Began as an Octopode Transmuter on June 29, 2022.
             Was the Champion of Cheibriados.
             Demolished by a merfolk
             ... wielding a +1 trident of venom
             ... led by a merfolk aquamancer
              (21 damage)
             ... on level 2 of the Shoals.
             The game lasted 00:55:03 (28804 turns).

buhh the Alchemist (Octopode Transmuter)           Turns: 28804, Time: 00:55:04

Health: -16/118    AC:  1    Str: 26    XL:     16   Next: 80%
Magic:  43/43      EV: 18    Int: 47    God:    Cheibriados [******]
Gold:   1357       SH: 22    Dex: 38    Spells: 2/19 levels left

rFire   . . .      SeeInvis +     - Unarmed
rCold   + . .      Faith    .   y - +0 kite shield {reflect}
rNeg    . . .      Spirit   .   C - +0 hat of Entitlement {Fly rC+ Slay+4}
rPois   .          Reflect  +   T - amulet of reflection
rElec   .          Harm     .   I - ring "Cogou" {MP+9 Int+5 Dex+4}
rCorr   +          Rampage  .   v - +6 ring of dexterity
Will    ++...                   d - +6 ring of intelligence
Stlth   ++++......              p - ring of willpower
HPRegen 0.29/turn               i - ring of magical power
MPRegen 0.28/turn               e - ring of resist corrosion
                                S - +4 ring of evasion
                                W - ring of see invisible

@: flying, very slow
A: almost no armour, amphibious, 8 rings, camouflage 1, gelatinous body 1,
(nimble swimmer 1), tentacles
}: 1/15 runes: gossamer
a: Renounce Religion, Bend Time, Temporal Distortion, Slouch, Step From Time


You were on level 2 of the Shoals.
You worshipped Cheibriados.
Cheibriados was exalted by your worship.
You visited 5 branches of the dungeon, and saw 26 of its levels.
You also visited: Gauntlet.

You collected 2711 gold pieces.
You spent 1354 gold pieces at shops.

Inventory:

Hand Weapons
 J - the +9 sword of Zonguldrok {reap}
   (You took it off a minotaur in a Gauntlet)

   Any living foe damaged by it may be reanimated upon death as a zombie
   friendly to the wielder, with an increasing chance as more damage is dealt.
Missiles
 b - 2 throwing nets {!f}
Armour
 y - a +0 kite shield of reflection (worn)
 C - the +0 hat of Entitlement (worn) {Fly rC+ Slay+4}
   (You acquired it on level 2 of the Orcish Mines)

   Slay:      It affects your accuracy & damage with ranged weapons and melee
   (+4).
   rC:        It protects you from cold.
   Fly:       It grants you flight.
Jewellery
 d - a +6 ring of intelligence (on tentacle)
 e - a ring of resist corrosion (on tentacle)
 i - a ring of magical power (on tentacle)
 p - a ring of willpower (on tentacle)
 v - a +6 ring of dexterity (right tentacle)
 z - the ring of Belonurch {*Slow rPois rC+ Str+6 Int+3}
   (You found it in a Gauntlet)

   [ring of strength]

   Str:       It affects your strength (+6).
   Int:       It affects your intelligence (+3).
   rC:        It protects you from cold.
   rPois:     It protects you from poison.
   *Slow:     It may slow you when you take damage.
 E - a ring of willpower
 H - a ring of poison resistance
 I - the ring "Cogou" (left tentacle) {MP+9 Int+5 Dex+4}
   (You acquired it on level 1 of the Dungeon)

   [ring of magical power]

   Int:       It affects your intelligence (+5).
   Dex:       It affects your dexterity (+4).
   MP:        It affects your magic capacity (+9).
 S - a +4 ring of evasion (on tentacle)
 T - an amulet of reflection (around mantle)
 W - a ring of see invisible (on tentacle)
 Z - a ring of wizardry
Wands
 f - a wand of flame (27)
 r - a wand of light (16)
 s - a wand of mindburst (6)
 w - a wand of iceblast (8)
 D - a wand of polymorph (9)
 G - a wand of paralysis (9)
Scrolls
 c - 3 scrolls of blinking {!d}
 g - 6 scrolls of identify {!d}
 j - a scroll of silence {!r}
 l - 4 scrolls of vulnerability
 m - 9 scrolls of poison
 o - a scroll of brand weapon
 q - a scroll of summoning
 t - 10 scrolls of teleportation {!d}
 u - 3 scrolls of noise
 A - 3 scrolls of fear {!r}
 F - 5 scrolls of enchant weapon
 P - 3 scrolls of magic mapping {!r!d}
 Q - 6 scrolls of fog
 R - 2 scrolls of torment
 X - a scroll of amnesia
Potions
 h - 4 potions of berserk rage {!q}
 k - a potion of flight
 n - 6 potions of attraction
 x - 4 potions of degeneration
 B - 5 potions of ambrosia {!q!d}
 K - 4 potions of brilliance {!q!d}
 L - 2 potions of resistance {!q!d}
 M - 2 potions of heal wounds {!q!d}
 N - 11 potions of curing {!q!d}
 O - a potion of haste {!q!d}
 U - 10 potions of mutation {!d}
 V - 2 potions of cancellation {!q!d}
Miscellaneous
 a - a condenser vane
 Y - a lightning rod (4/4)


   Skills:
 * Level 13.7 Fighting
 - Level 2.0 Dodging
 - Level 1.0 Stealth
 - Level 11.0 Shields
 - Level 12.0 Unarmed Combat
 - Level 2.0 Spellcasting
 * Level 15.3 Transmutations
 - Level 3.0 Ice Magic
 - Level 10.0 Earth Magic
 - Level 2.0 Poison Magic
 - Level 13.0 Invocations


You had 2 spell levels left.
You knew the following spells:

 Your Spells              Type           Power      Damage    Failure   Level
a - Statue Form           Tmut/Erth      59%        N/A       4%          6
b - Wereblood             Tmut           99%        N/A       0%          2
c - Irradiate             Conj/Tmut      33%        3d24      6%          5
d - Ice Form              Ice/Tmut       74%        N/A       1%          4

Your spell library contained the following spells:

 Spells                   Type           Power      Damage    Failure   Level
 Beastly Appendage        Tmut           100%       N/A       0%          1
 Necrotize                Necr           16%        1d4       5%          1
 Poisonous Vapours        Pois/Air       28%        N/A       5%          2
 Spider Form              Tmut/Pois      72%        N/A       1%          3
 Petrify                  Tmut/Erth      89%        N/A       1%          4
 Blade Hands              Tmut           49%        N/A       1%          5
 Dragon Form              Tmut           49%        N/A       9%          7
 Inner Flame              Hex/Fire       4%         N/A       16%         3
 Portal Projectile        Hex/Tloc       8%         N/A       16%         3
 Tukima's Dance           Hex            4%         N/A       16%         3
 Vampiric Draining        Necr           4%         2d6       16%         3
 Corpse Rot               Necr/Pois/Air  10%        N/A       38%         4
 Cause Fear               Hex            2%         N/A       45%         4
 Dispel Undead            Necr           4%         3d7       45%         4
 Metabolic Englaciation   Hex/Ice        9%         N/A       61%         5
 Agony                    Necr           4%         N/A       82%         5
 Death Channel            Necr           2%         N/A       100%        6
 Discord                  Hex            2%         N/A       100%        8


Dungeon Overview and Level Annotations

Branches:
Dungeon (12/15) Zot: 39727  Temple (0/1) D:5            Lair (6/6) D:11 Zot: 36978
 Shoals (2/4) Lair:4 Zot: 17299  Spider (4/4) Lair:2 Zot: 31653   Slime (0/5) Lair:5
    Orc (2/2) D:10 Zot: 15087     Elf (0/3) Orc:2       Gauntlet (visited)

Altars:
Cheibriados
Gozag
Hepliaklqana
Qazlal
Sif Muna
Trog
Uskayaw
Wu Jian
Xom
Zin
Beogh

Shops:
D:3 *   D:4 [   D:7 [   D:9 (   Orc:2 [*??

Annotations:
D:11 3 runed translucent doors, exclusion: 2 spectral things, greasedhog's ghost, novice FoHu
D:12 2 transporters, exclusion: 2 oklob plants, Fuumyij's ghost, journeyman DsGl


Innate Abilities, Weirdness & Mutations

You cannot wear most types of armour.
You are amphibious.
You can wear up to eight rings at the same time.
Your skin changes colour to match your surroundings (Stealth+).
Your rubbery body absorbs attacks. (AC +1, EV +1)
((You are camouflaged when in or above water. (Stealth+)))
You have tentacles for arms and can constrict up to eight enemies at once.


Message History

The water elemental is heavily damaged.
Your transformation is almost over.
The merfolk completely misses you. You block the merfolk impaler's attack.
You block the water elemental's attack. The merfolk closely misses you.
You block the merfolk impaler's attack.
The merfolk hits you from afar with a +1 trident of venom!
The merfolk hits you but does no damage.
The water elemental misses you. The merfolk impaler misses you.
You bludgeon the water elemental! You squeeze the water elemental!
You destroy the water elemental!
Cheibriados thoroughly appreciates the change of pace.
The merfolk throws a boomerang.
You reflect the boomerang off your +0 kite shield of reflection!
The boomerang hits the merfolk.
The merfolk impaler barely misses you. You block the merfolk's attack.
The merfolk misses you. You block the merfolk impaler's attack.
The merfolk throws a boomerang.
The boomerang hits you but does no damage.
You block the merfolk's attack. You block the merfolk impaler's attack.
You block the merfolk's attack. The merfolk barely misses you.
You block the merfolk impaler's attack.
The merfolk hits you but does no damage.
The merfolk hits you from afar with a +0 spear.
The merfolk impaler closely misses you. The merfolk closely misses you.
The merfolk hits you but does no damage.
You block the merfolk impaler's attack. The merfolk closely misses you.
The merfolk impaler misses you.
The merfolk hits you but does no damage.
You revert to your normal fleshy form.
You block the merfolk's attack. The merfolk impaler closely misses you.
You block the merfolk's attack. x2
The merfolk impaler hits you with a +0 trident!
The merfolk hits you with a +1 trident of venom!
The merfolk hits you with a +0 spear!!
The merfolk impaler hits you with a +0 trident!!
The merfolk hits you with a +0 halberd!
* * * LOW HITPOINT WARNING * * *
The merfolk impaler hits you with a +0 trident!!
* * * LOW HITPOINT WARNING * * *
The merfolk hits you with a +1 trident of venom!!
You die...

≈≈≈≈≈≈≈≈≈≈≈..≈.>#######.≈≈≈≈≈≈≈
≈≈≈≈≈≈≈≈≈≈..≈.......# #.≈≈≈≈≈≈≈
≈≈≈≈≈≈≈≈≈≈...(......###.≈≈≈≈≈≈≈
≈≈≈≈≈≈≈≈≈≈.......... #..≈≈≈##≈≈
≈≈≈≈≈≈≈≈≈. ##....≈###.≈≈### ≈
..##../.≈≈<#.≈≈##
.....≈≈)...≈≈≈≈#
..≈...≈≈.....≈≈#
..≈≈≈.m@.###..≈≈≈≈≈ ≈≈≈..≈mmm#
#.≈≈≈≈≈≈≈ ≈≈≈.≈≈≈H.# #.≈≈≈≈≈≈#
≈≈≈≈≈≈≈≈.. .≈≈≈≈≈≈≈≈
≈...≈≈≈≈≈≈≈≈≈≈≈##≈≈≈
≈...≈≈≈≈≈≈≈≈≈≈≈# ≈≈≈
≈...≈≈≈≈≈≈≈≈≈≈≈# ≈...≈≈≈≈≈≈≈≈≈≈


You could see a merfolk impaler, 3 merfolk and a manticore.

Vanquished Creatures
  Donald (Shoals:2)
  5 ghost moths
  3 emperor scorpions
  An entropy weaver (Spider:2)
  A minotaur (Gauntlet)
  2 spark wasps
  Josephine (D:12)
  4 hydras
  A boulder beetle (Lair:6)
  2 catoblepae
  A death knight (D:11)
  4 two-headed ogres
  3 radroaches (Spider:4)
  A merfolk aquamancer (Shoals:2)
  2 orc high priests
  Urug (Lair:2)
  A fire crab (Gauntlet)
  2 pharaoh ants (Spider:4)
  2 sea snakes
  Amaemon (Lair:2)
  A skeletal warrior (D:11)
  4 orb spiders
  A goliath frog (Lair:6)
  3 steelbarb worms
  2 glowing orange brains (Gauntlet)
  4 harpies (Shoals:1)
  A lindwurm (Lair:6)
  A necromancer (Gauntlet)
  12 wolf spiders
  2 fauns (Shoals:2)
  2 orc sorcerers
  2 moths of wrath
  3 orc knights (Orc:2)
  4 cyclopes
  An oklob plant (Lair:6)
  3 ugly things
  4 manticores
  Maurice (D:11)
  2 black mambas
  2 merfolk sirens (Shoals:2)
  13 elephants
  An orange demon (Lair:2)
  2 water nymphs
  5 torpor snails
  2 gargoyles (D:11)
  18 cane toads
  An unseen horror (D:11)
  5 demonic crawlers
  18 komodo dragons
  5 rime drakes
  4 meliai
  A wind drake (Shoals:2)
  8 trolls
  19 tarantellas
  3 polar bears
  4 tyrant leeches (Lair:6)
  A merfolk (Shoals:2)
  18 blink frogs
  8 dream sheep
  A hornet (Lair:1)
  19 jumping spiders
  2 snapping turtles
  27 culicivoras
  4 wyverns
  4 water elementals (Shoals:2)
  8 wraiths
  60 yaks
  3 fire bats (Gauntlet)
  3 basilisks
  26 redbacks
  2 steam dragons
  A warg (Orc:1)
  10 vampire mosquitoes
  15 water moccasins
  2 acid dragons
  An ice beast (D:7)
  3 black bears
  41 orc warriors
  3 ogres
  30 wolves
  13 centaurs
  2 kobold brigands
  18 bullfrogs
  2 necrophages
  A gnoll sergeant (D:7)
  3 scorpions
  9 wights
  13 killer bees
  An electric eel (Spider:3)
  7 howler monkeys
  3 jellies
  A gnoll shaman (D:7)
  11 orc priests
  5 hounds
  7 iguanas
  17 orc wizards
  10 hell rats (Lair:6)
  16 gnolls
  11 adders
  A white imp (D:6)
  An ufetubus (D:4)
  A worm (D:2)
  5 dart slugs
  85 orcs
  8 ball pythons
  4 endoplasms
  A giant cockroach (D:1)
  9 hobgoblins
  4 jackals (D:2)
  3 quokkas
  6 bats
  2 frilled lizards
  8 goblins
  15 kobolds
  11 rats
809 creatures vanquished.

Vanquished Creatures (collateral kills)
  4 gnolls (D:7)
4 creatures vanquished.

Vanquished Creatures (others)
  A black bear (D:6)
  An ogre (D:6)
  A centaur (D:6)
  An iguana (D:6)
  An ufetubus (D:6)
  75 fungi
  180 plants
260 creatures vanquished.

Grand Total: 1073 creatures vanquished

Notes
Turn   | Place    | Note
-------+----------+-------------------------------------------
     0 | D:1      | buhh the Octopode Transmuter began the quest for the Orb.
     0 | D:1      | Reached XP level 1. HP: 13/13 MP: 3/3
   279 | D:1      | Reached XP level 2. HP: 19/19 MP: 3/5
   312 | D:1      | Identified a scroll of acquirement
   312 | D:1      | Acquired the ring "Cogou" {MP+9 Int+5 Dex+4}
   842 | D:1      | Learned a level 2 spell: Wereblood
  1001 | D:1      | Reached XP level 3. HP: 23/25 MP: 6/6
  1245 | D:1      | Found a faded altar of an unknown god.
  1432 | D:1      | Learned a level 3 spell: Spider Form
  1657 | D:2      | Reached XP level 4. HP: 16/31 MP: 7/7
  3108 | D:2      | Reached XP level 5. HP: 37/37 MP: 8/8
  3647 | D:3      | Found a hide-covered altar of Uskayaw.
  4074 | D:3      | Found a snail-covered altar of Cheibriados.
  4077 | D:3      | Found a shimmering blue altar of Sif Muna.
  4078 | D:3      | Found a bloodstained altar of Trog.
  4084 | D:3      | Became a worshipper of Cheibriados the Contemplative
  4353 | D:3      | Reached XP level 6. HP: 10/45 MP: 9/9
  4766 | D:3      | Found a stormy altar of Qazlal.
  4865 | D:3      | Found Baesosops's Assorted Antiques.
  4874 | D:3      | Bought a scroll of fear for 77 gold pieces
  5200 | D:4      | Reached * piety under Cheibriados
  5563 | D:4      | Found a glowing silver altar of Zin.
  5617 | D:4      | Found an opulent altar of Gozag.
  5679 | D:4      | Found Eqejum's Antique Armour Emporium.
  6343 | D:5      | Entered Level 5 of the Dungeon
  6508 | D:5      | Reached skill level 3 in Transmutations
  6721 | D:5      | Reached XP level 7. HP: 50/52 MP: 10/10
  6788 | D:5      | Found a staircase to the Ecumenical Temple.
  6985 | D:5      | Noticed a yak
  6985 | D:5      | Noticed a yak
  6991 | D:5      | Noticed a yak
  6991 | D:5      | Noticed a yak
  7003 | D:5      | Killed a yak
  7004 | D:5      | Reached skill level 4 in Transmutations
  7015 | D:5      | Killed a yak
  7016 | D:5      | Reached skill level 5 in Transmutations
  7025 | D:5      | Killed a yak
  7026 | D:5      | Reached skill level 6 in Transmutations
  7026 | D:5      | Reached XP level 8. HP: 28/57 MP: 11/11
  7028 | D:5      | Killed a yak
  7029 | D:5      | Reached skill level 7 in Transmutations
  7895 | D:5      | Reached skill level 8 in Transmutations
  8442 | D:5      | Reached ** piety under Cheibriados
  8528 | D:5      | Learned a level 4 spell: Ice Form
  8714 | D:6      | Reached XP level 9. HP: 61/63 MP: 12/12
  9655 | D:6      | Found a shimmering altar of Xom.
  9813 | D:6      | Reached skill level 9 in Transmutations
 10210 | D:6      | Reached *** piety under Cheibriados
 10555 | D:7      | Found Comues's Armour Boutique.
 12057 | D:7      | Reached XP level 10. HP: 74/74 MP: 13/13
 13343 | D:8      | Learned a level 6 spell: Statue Form
 13448 | D:8      | Reached **** piety under Cheibriados
 13457 | D:8      | Reached skill level 10 in Transmutations
 13523 | D:8      | Found a hazy altar of Hepliaklqana.
 13526 | D:8      | Acquired the +0 hat "Loez" {*Corrode rF+ Regen+}
 14152 | D:9      | Reached ***** piety under Cheibriados
 14385 | D:9      | Reached skill level 11 in Transmutations
 14461 | D:9      | Found Barrua's Antique Weapon Shoppe.
 14735 | D:9      | Identified the +1 trident of the Blowfly {drain, Int+5}
 14908 | D:9      | Reached XP level 11. HP: 57/80 MP: 14/14
 15224 | D:9      | Found an ornate altar of the Wu Jian Council.
 15295 | D:10     | Entered Level 10 of the Dungeon
 15605 | D:10     | Found a staircase to the Orcish Mines.
 15924 | D:10     | Noticed a two-headed ogre
 16055 | D:10     | Killed a two-headed ogre
 16594 | D:11     | Noticed a two-headed ogre
 16608 | D:11     | Killed a two-headed ogre
 16648 | D:11     | Noticed a manticore
 16648 | D:11     | Noticed a cyclops
 16653 | D:11     | Killed a manticore
 16659 | D:11     | Killed a cyclops
 16678 | D:11     | Noticed a red ugly thing
 16683 | D:11     | Killed a red ugly thing
 16754 | D:11     | Found a staircase to the Lair.
 16770 | D:11     | Noticed a two-headed ogre
 16771 | D:11     | Noticed a death knight
 16776 | D:11     | Killed a death knight
 16780 | D:11     | Killed a two-headed ogre
 16781 | D:11     | Reached skill level 12 in Transmutations
 16781 | D:11     | Reached XP level 12. HP: 38/87 MP: 15/15
 16863 | D:11     | Reached ****** piety under Cheibriados
 16891 | D:11     | Noticed Maurice
 16894 | D:11     | Killed Maurice
 17003 | D:11     | Noticed a two-headed ogre
 17013 | D:11     | Killed a two-headed ogre
 17147 | D:11     | Found a runed translucent gate.
 17147 | D:11     | Found a runed translucent gate.
 17150 | D:11     | Found a runed translucent gate.
 17151 | D:11     | Noticed greasedhog's ghost (novice FoHu)
 17529 | D:12     | Noticed Josephine
 17535 | D:12     | Killed Josephine
 17630 | D:12     | Found a transporter.
 17634 | D:12     | Noticed a centaur warrior
 17638 | D:12     | Noticed Fuumyij's ghost (journeyman DsGl)
 17642 | D:12     | Noticed a two-headed ogre
 17665 | D:12     | Found a transporter.
 17717 | D:12     | Noticed a seven-headed hydra
 17763 | Lair:1   | Entered Level 1 of the Lair of Beasts
 18034 | Lair:1   | Reached skill level 11 in Fighting
 18034 | Lair:1   | Reached skill level 13 in Transmutations
 18230 | Lair:1   | Noticed a six-headed hydra
 18236 | Lair:1   | Killed a six-headed hydra
 18306 | Lair:1   | Reached XP level 13. HP: 95/95 MP: 16/16
 18880 | Lair:2   | Noticed Amaemon
 18887 | Lair:2   | Killed Amaemon
 19056 | Lair:2   | Noticed Urug
 19067 | Lair:2   | Killed Urug
 19362 | Lair:2   | Found a hole to the Spider Nest.
 20074 | Lair:3   | Found a gate leading to a gauntlet.
 20080 | Gauntlet | Entered a Gauntlet
 20080 | Gauntlet | Found a transporter.
 20080 | Gauntlet | Found a transporter.
 20080 | Gauntlet | Found a transporter.
 20081 | Gauntlet | Found a transporter.
 20085 | Gauntlet | Found a transporter.
 20090 | Gauntlet | Found a transporter.
 20093 | Gauntlet | Found a transporter.
 20094 | Gauntlet | Found a transporter.
 20096 | Gauntlet | Found a transporter.
 20096 | Gauntlet | Found a transporter.
 20104 | Gauntlet | Found a transporter.
 20110 | Gauntlet | Found a transporter.
 20553 | Gauntlet | Identified the ring of Belonurch {*Slow rPois rC+ Str+6
                  | Int+3}
 20748 | Gauntlet | Noticed a minotaur
 20760 | Gauntlet | Killed a minotaur
 21316 | Lair:3   | Reached XP level 14. HP: 103/103 MP: 21/21
 21695 | Lair:4   | Identified the +7 scale mail of Misanthropy {Will++ Dex+3}
 21749 | Lair:4   | Reached skill level 11 in Invocations
 21776 | Lair:4   | Found a staircase to the Shoals.
 22404 | Lair:5   | Found a staircase to the Slime Pits.
 22917 | Lair:6   | Entered Level 6 of the Lair of Beasts
 23402 | Lair:6   | Reached skill level 11 in Unarmed Combat
 23504 | Lair:6   | Reached XP level 15. HP: 108/108 MP: 24/24
 23510 | Lair:6   | Learned a level 5 spell: Irradiate
 24130 | Lair:6   | Identified the +1 pair of boots of Yesterday {Int+6}
 24522 | Orc:1    | Entered Level 1 of the Orcish Mines
 24853 | Orc:2    | Entered Level 2 of the Orcish Mines
 25180 | Orc:2    | Found a staircase to the Elven Halls.
 25551 | Orc:2    | Found Pisod's Assorted Antiques.
 25551 | Orc:2    | Found Qokoevegg's Magic Scroll Shoppe.
 25551 | Orc:2    | Found Niprepim's Magic Scroll Emporium.
 25554 | Orc:2    | Found Mozacw's Antique Armour Boutique.
 25558 | Orc:2    | Bought a potion of curing for 72 gold pieces
 25558 | Orc:2    | Bought 2 sedimented green potions for 43 gold pieces
 25558 | Orc:2    | Bought a scroll of poison for 84 gold pieces
 25558 | Orc:2    | Bought a wand of paralysis (1) for 48 gold pieces
 25558 | Orc:2    | Bought a potion of brilliance for 96 gold pieces
 25563 | Orc:2    | Bought a scroll of identify for 20 gold pieces
 25564 | Orc:2    | Bought a scroll of poison for 35 gold pieces
 25564 | Orc:2    | Bought a scroll of summoning for 95 gold pieces
 25564 | Orc:2    | Bought a scroll of fear for 35 gold pieces
 25564 | Orc:2    | Bought 3 scrolls of teleportation for 90 gold pieces
 25564 | Orc:2    | Bought a scroll of poison for 35 gold pieces
 25570 | Orc:2    | Bought a scroll of acquirement for 624 gold pieces
 25570 | Orc:2    | Acquired the +0 hat of Entitlement {Fly rC+ Slay+4}
 26036 | Spider:1 | Entered Level 1 of the Spider Nest
 26349 | Spider:2 | Noticed an emperor scorpion
 26360 | Spider:2 | Killed an emperor scorpion
 26413 | Spider:2 | Identified the +5 dagger "Xosonn" {flame, rN++ Will+}
 26792 | Spider:3 | Noticed a ghost moth
 26797 | Spider:3 | Killed a ghost moth
 27179 | Spider:3 | Noticed an emperor scorpion
 27206 | Spider:4 | Entered Level 4 of the Spider Nest
 27247 | Spider:4 | Reached XP level 16. HP: 102/114 MP: 25/25
 27334 | Spider:4 | Reached skill level 11 in Shields
 27575 | Spider:4 | Reached skill level 14 in Transmutations
 28212 | Spider:4 | Got a gossamer rune of Zot
 28437 | Shoals:1 | Entered Level 1 of the Shoals
 28495 | Shoals:2 | Reached skill level 15 in Transmutations
 28534 | Shoals:2 | Noticed Donald
 28542 | Shoals:2 | Killed Donald
 28804 | Shoals:2 | HP: 5/118 [merfolk impaler/+0 trident (21)]
 28804 | Shoals:2 | Demolished by a merfolk

Illustrated notes

Levels and vault maps discovered:
D:1:      dpeg_chamrin_arrival_tetris, layout_basic,
          dreamdust_ecumenical_altar_angels_and_demons
D:2:      layout_basic, minivault_26
D:3:      layout_basic, mainiacjoe_overflow_paths,
          chequers_temple_overflow_statue_of_worship,
          mainiacjoe_overflow_catwalk, serial_shops, nicolae_lakefront_shop,
          st_stairs_11
D:4:      layout_basic, pdpol_temple_overflow_zin_treasury_gozag_greed,
          serial_shops, kennysheep_little_box, nrook_mini_vaults
D:5:      minmay_razor_zed, layout_basic, minmay_temple_entry_crystal_x
D:6:      layout_basic, xom_confusion_cloud, kennysheep_another_room,
          kennysheep_cluttered_room
D:7:      layout_loops_ring, serial_shops, nicolae_shop_stone,
          minmay_fountain_box, dk_vineyard_3
D:8:      layout_loops_ring, mainiacjoe_overflow_alcove_2
D:9:      layout_rooms, lemuel_crystal_altar, serial_shops, shop
D:10:     layout_basic, orc_0_dummy, minmay_quadrilaterals
D:11:     layout_roguey, lair_entry_dummy, gammafunk_ghost_necromancy,
          grunt_ministairs_15, minmay_alternating_orb, uniq_maurice
D:12:     layout_loops_ring, nzn_ghost_randoct, uniq_josephine, uniq_azrael
Lair:1:   layout_cellular_growth
Lair:2:   layout_layer_cave, dummy_spider_entry, grunt_megastairs_1,
          uniq_amaemon, uniq_urug
Lair:3:   layout_loops_ring, gauntlet_entry_generic,
          portal_ice_cave_entry_pillars_1, chequers_serial_rivers_micro_e,
          serial_bayou_lake_a
Lair:4:   layout_hall_layers, elwin_shoals_entry_rocks, minivault_26,
          serial_bayou_crossing, grunt_megastairs_4, infiniplex_staircase_pool_2
Lair:5:   layout_gridlike, slime_entry_1, serial_bayou_pond_e
Lair:6:   minmay_lair_end_frog_pond, layout_layer_cave
Shoals:1: layout_shoals, ebering_ghost_xom
Shoals:2: layout_shoals, nicolae_shoals_lost_giant_hut,
          nicolae_shoals_dead_sea_scrolls, uniq_ilsuiw, uniq_donald
Spider:1: layout_spider_delve, nicolae_spider_altar_of_dancing
Spider:2: layout_spider_delve, einodemon_crawler_minivault, uniq_kirke,
          uniq_agnes
Spider:3: layout_spider_delve
Spider:4: grunt_spider_rune_parallel
Orc:1:    layout_diamond_mine
Orc:2:    st_orc_rangers, layout_caves, bh_open_orc_temple

Skill      XL: |  1  2  3  4  5  6  7  8  9 10 11 12 13 14 15 16 |
---------------+-------------------------------------------------+-----
Stealth        | 1 |  1.0
Fighting       | 2 3 4 5 6 9 11 12 13 | 13.7
Poison Magic   | 2 |  2.0
Transmutations | 3 6 8 9 11 12 13 15 | 15.3
Ice Magic      | 2 3 |  3.0
Earth Magic    | 2 6 10 | 10.0
Unarmed Combat | 4 7 8 11 12 | 12.0
Invocations    | 3 9 13 | 13.0
Shields        | 10 11 | 11.0
Dodging        | |  2.0
Spellcasting   | |  2.0

Action                   |  1- 3 |  4- 6 |  7- 9 | 10-12 | 13-15 | 16-18 || total
-------------------------+-------+-------+-------+-------+-------+-------++-------
Melee: Unarmed           |    59 |   156 |   237 |   388 |   689 |   142 ||  1671
       Kick              |    19 |       |       |       |       |       ||    19
       Constrict         |    16 |     4 |     2 |    33 |   141 |    43 ||   239
       Tentacles         |    11 |     4 |     2 |    55 |   182 |    41 ||   295
       Punch             |     1 |     2 |       |    10 |    59 |    20 ||    92
       Staff             |       |       |     6 |       |       |       ||     6
 Cast: Beastly Appendage |    20 |     7 |       |       |       |       ||    27
       Spider Form       |     1 |    29 |    24 |       |       |       ||    54
       Ice Form          |       |       |    17 |    19 |       |       ||    36
       Wereblood         |       |       |     2 |     2 |       |       ||     4
       Statue Form       |       |       |       |    53 |   145 |    33 ||   231
Invok: Slouch            |       |       |       |       |     7 |     7 ||    14
       Step From Time    |       |       |       |       |       |     1 ||     1
Evoke: Wand              |       |     3 |     7 |     1 |     1 |       ||    12
  Use: Scroll            |     3 |     3 |     3 |    12 |    15 |       ||    36
       Potion            |     2 |     3 |       |     3 |     2 |     2 ||    12
 Stab: Sleeping          |     4 |     5 |     4 |     3 |     7 |     2 ||    25
       Distracted        |       |     1 |       |     2 |     5 |       ||     8
       Invisible         |       |     1 |     4 |     1 |       |       ||     6
Armor: Skin              |    37 |    18 |    67 |   302 |   562 |   143 ||  1129
Dodge: Dodged            |    20 |   132 |   188 |   347 |  1040 |   198 ||  1925
Block: Other             |       |       |       |       |   152 |       ||   152
       Kite shield       |       |       |       |       |   223 |   313 ||   536
       Reflection        |       |       |       |       |    26 |     5 ||    31

Table legend: (Time is in decaauts)
 A = Elapsed time spent in this place.
 B = Non-inter-level travel time spent in this place.
 C = Inter-level travel time spent in this place.
 D = Time resting spent in this place.
 E = Time spent auto-exploring this place.
 F = Levels seen in this place.
 G = Mean time per level.
                   A        B        C        D        E       F      G
               +--------+--------+--------+--------+--------+-----+--------+
         Total |  44287 |  42026 |   2261 |   6712 |  27303 |  27 | 1640.3 |
       Dungeon |  22545 |  21627 |    918 |   5768 |  12813 |  12 | 1878.8 |
          Lair |  12425 |  11483 |    942 |     34 |   9658 |   6 | 2070.8 |
        Shoals |    697 |    697 |      0 |     74 |    195 |   2 |  348.5 |
   Spider Nest |   4344 |   4166 |    178 |    306 |   2536 |   4 | 1086.0 |
  Orcish Mines |   2911 |   2690 |    221 |      0 |   2100 |   2 | 1455.5 |
      Gauntlet |   1362 |   1362 |      0 |    529 |      0 |   1 | 1362.0 |
               +--------+--------+--------+--------+--------+-----+--------+

Top non-repeatable levels by time:
  Lair:2: 3043 daAuts
  Lair:6: 3010 daAuts
     D:7: 2956 daAuts
     D:5: 2500 daAuts
     D:6: 2375 daAuts
    D:10: 2336 daAuts
     D:1: 2130 daAuts
   Orc:2: 2128 daAuts
Spider:4: 1982 daAuts
    D:11: 1938 daAuts
  Lair:1: 1858 daAuts
     D:8: 1742 daAuts
     D:3: 1697 daAuts
     D:4: 1672 daAuts
  Lair:3: 1584 daAuts
